Map: Nightscape LE

Players

qqq

  • Race: Zerg Zerg
  • League: Platinum
  • Spawn Location: 7:00

Massa

  • Race: Terran Terran
  • League: Platinum
  • Spawn Location: 7:00

Beteigeuze - Winner!

  • Race: Terran Terran
  • Spawn Location: 1:00

MikeLitoris - Winner!

  • Race: Zerg Zerg
  • Spawn Location: 1:00

VOD

Have the link to the VOD?

Description

Time

  • Played on: Jan. 7, 2021, 3:33 p.m.
  • Length: 4:52
Show
View Real Time Build Order
Export as new Build Order

qqq Zerg 

Build Orders: Hatch First 

Get SALT Encoding   

  12  0:06  Drone  
  13  0:08  Drone  
  14  0:19  Overlord  
  14  0:45  Hatchery  
  14  0:47  Drone  
  14  0:52  Drone  
  14  0:55  Drone  
  16  1:27  Drone x2  
  16  1:29  Extractor  
  16  1:31  Drone, Spawning Pool  
  17  1:44  Extractor  
  17  1:49  Drone  
  18  2:03  Drone x2  
  18  2:05  Drone  
  22  2:15  Drone  
  22  2:19  Zergling x2  
  22  2:20  Queen x2  
  27  2:24  Drone, Spine Crawler  
  27  2:29  Overlord  
  27  2:34  Metabolic Boost  
  27  2:38  Drone  
  28  2:44  Overlord  
  29  2:59  Zergling x4  
  29  3:00  Drone x2  
  33  3:13  Drone  
  33  3:14  Drone  
  33  3:16  Zergling x4  
  33  3:18  Lair  
  37  3:25  Zergling x2  
  38  3:30  Zergling x2  
  39  3:38  Zergling x2  
  39  3:39  Zergling x2  
  37  3:58  Zergling x2  
  37  3:59  Zergling x6  
  26  4:11  Zergling x2  
  26  4:12  Spine Crawler, Zergling x4  
  26  4:13  Zergling x8  
  32  4:18  Baneling Nest  
Show
View Real Time Build Order
Export as new Build Order

Massa Terran 

Build Orders: 1/1/1, Banshee Rush 

Get SALT Encoding   

  12  0:00  SCV  
  13  0:12  SCV  
  14  0:19  Supply Depot  
  14  0:25  SCV  
  15  0:35  Refinery  
  15  0:41  SCV  
  16  0:45  Barracks  
  16  0:53  SCV  
  17  0:57  Refinery  
  17  1:05  SCV  
  18  1:17  SCV  
  19  1:29  SCV  
  20  1:35  Factory  
  20  1:52  Orbital Command  
  20  2:20  Starport, Supply Depot  
  20  2:23  Starport  
  20  2:30  Reaper  
  20  2:32  Hellion  
  23  2:51  SCV  
  24  2:56  Starport Tech Lab  
  24  2:59  Starport Tech Lab  
  24  3:03  SCV  
  25  3:09  Widow Mine  
  27  3:15  Banshee  
  30  3:23  Supply Depot  
  30  3:31  Banshee  
  30  3:33  Cloaking Field  
  33  3:40  SCV  
  34  3:48  Widow Mine  
  36  3:49  Marine  
  32  4:04  Banshee  
  35  4:12  Supply Depot  
  35  4:14  Supply Depot  
  35  4:24  SCV  
Show
View Real Time Build Order
Export as new Build Order

Beteigeuze Terran - Winner!

Build Orders: Hellion Opening 

Get SALT Encoding   

  12  0:00  SCV  
  13  0:12  SCV  
  14  0:17  Supply Depot  
  14  0:24  Refinery  
  14  0:29  SCV  
  15  0:41  SCV  
  16  0:47  Barracks  
  16  0:53  SCV  
  17  1:07  SCV  
  18  1:19  SCV  
  19  1:32  SCV  
  20  1:35  Factory  
  20  1:42  Supply Depot  
  20  1:44  SCV  
  21  1:48  Barracks Reactor  
  20  2:08  Command Center  
  20  2:13  Orbital Command  
  20  2:31  Hellion x2  
  24  2:47  Supply Depot  
  24  2:52  Hellion x2  
  24  2:57  Refinery  
  28  3:05  Barracks  
  28  3:06  Barracks Tech Lab  
  28  3:13  Hellion x2  
  28  3:16  SCV  
  33  3:27  SCV  
  34  3:39  Barracks  
  34  3:43  Factory Tech Lab  
  34  3:46  Orbital Command  
  34  4:07  SCV  
  35  4:12  Supply Depot  
  35  4:14  Marine x2  
  37  4:19  SCV  
  41  4:31  SCV, Marine  
  36  4:49  Engineering Bay  
Show
View Real Time Build Order
Export as new Build Order

MikeLitoris Zerg - Winner!

Build Orders: Hatch First 

Get SALT Encoding   

  12  0:02  Drone  
  13  0:13  Overlord  
  13  0:17  Drone  
  14  0:31  Drone x2  
  16  0:53  Hatchery  
  16  0:56  Drone x2  
  17  1:00  Drone  
  18  1:14  Extractor  
  17  1:19  Spawning Pool  
  17  1:20  Drone  
  17  1:24  Drone  
  18  1:40  Drone  
  18  1:44  Drone  
  20  1:54  Overlord  
  20  2:07  Queen  
  20  2:08  Queen  
  24  2:09  Drone x2  
  24  2:13  Drone  
  27  2:20  Metabolic Boost  
  27  2:27  Overlord  
  27  2:35  Overlord  
  27  2:48  Zergling x4  
  27  2:49  Zergling x6  
  32  2:59  Baneling Nest  
  32  3:04  Zergling x4  
  33  3:10  Zergling x4  
  35  3:19  Zergling x2  
  36  3:27  Zergling x6  
  36  3:28  Zergling x2  
  36  3:30  Queen  
  42  3:39  Zergling x2  
  42  3:40  Zergling x6  
  46  3:52  Baneling x2  
  46  3:53  Baneling x2  
  45  3:57  Zergling x6  
  48  4:03  Zergling x6  
  48  4:04  Zergling x2  
  48  4:08  Overlord  
  50  4:17  Spore Crawler  
  50  4:19  Spore Crawler  
  50  4:22  Spore Crawler  
  40  4:39  Drone x2  
Tags
 
Add a new tag
Caveats
  • Supply blocks, unpowered buildings, or Contaminate may cause inaccurate times.
  • Supply counts are checked every 10 seconds.